 Dungeon Crawl Stone Soup version 0.19.1-1-g22dce08 (webtiles) character file.

68 esteth the Chopper (level 4, -2/40 HPs)
             Began as a Minotaur Berserker on Jan 3, 2017.
             Was a Believer of Trog.
             Slain by Terence
             ... wielding a +0 flail
              (3 damage)
             ... on level 2 of the Dungeon.
             The game lasted 00:01:56 (821 turns).

esteth the Chopper (Minotaur Berserker)              Turns: 821, Time: 00:01:57

Health: -2/40      AC:  2    Str: 23    XL:     4   Next: 1%
Magic:  3/3        EV: 12    Int:  9    God:    Trog [**....]
Gold:   99         SH:  0    Dex:  9    Spells: 0 memorised, 3 levels left

rFire  . . .     SeeInvis .     a - +0 hand axe
rCold  . . .     Gourm    .     b - +0 animal skin
rNeg   . . .     Faith    .     (no shield)
rPois  .         Spirit   .     (helmet restricted)
rElec  .         Reflect  .     (no cloak)
rCorr  .         Harm     .     (no gloves)
MR     .....                    (no boots)
Stlth  +.........               (no amulet)
                                (no ring)
                                (no ring)

@: brilliant
A: retaliatory headbutt, horns 2
a: Berserk, Trog's Hand, Burn Spellbooks, Renounce Religion


You were on level 2 of the Dungeon.
You worshipped Trog.
Trog was pleased with you.
You were not hungry.

You visited 1 branch of the dungeon, and saw 2 of its levels.

You collected 99 gold pieces.

Inventory:

Hand Weapons
 a - a +0 hand axe (weapon)
Armour
 b - a +0 animal skin (worn)
Wands
 h - a wand of digging (8/24)
Scrolls
 e - 3 scrolls of identify {unknown}
 i - a scroll of enchant weapon {unknown}
Comestibles
 c - a bread ration
 f - a royal jelly
 g - a beef jerky


   Skills:
 - Level 3.8 Fighting
 + Level 5.5 Axes
 - Level 2.7 Armour
 - Level 2.4 Dodging


You had 3 spell levels left.
You didn't know any spells.

Dungeon Overview and Level Annotations

Branches:
Dungeon (2/15)

Altars:
Elyvilon

Annotations:
D:2 Sigmund, Terence


Innate Abilities, Weirdness & Mutations

You reflexively headbutt those who attack you in melee.
You have a pair of horns on your head.


Message History

Terence barely misses you.
You hit Terence but do no damage. Your headbutt misses Terence.
Something completely misses you. Terence hits you but does no damage.
You hit Terence. Your headbutt misses Terence.
Terence is moderately wounded.
Terence hits you with a flail! Something hits you!
You barely miss Terence. Your headbutt misses Terence.
Terence is moderately wounded.
Terence hits you but does no damage.
You hit Terence. You headbutt Terence.
Terence is heavily wounded.
Something hits you.
You hit Terence but do no damage.
Terence is heavily wounded.
Terence barely misses you. Something hits you!
* * * LOW HITPOINT WARNING * * *
It was a potion of brilliance.
You feel clever all of a sudden. Terence hits you with a flail.
You die...

######### #.......#
#.......######
#............#
#.###..#####.# ##.###..#
###.########
#####..(##..###.†.........
#......_.@@...#...#.#######
##...##...####...#..........
..... ##.## ###.###.#######
##...###.# #....##
>........# ###.####
#.....$.# ###...#
##.#..#..##.#.####
##..........###..#
...........##
##.############


You could see Terence.

Vanquished Creatures
  2 adders (D:2)
  2 oozes
  2 dart slugs (D:1)
  A leopard gecko (D:2)
  3 giant cockroaches
  7 goblins
  3 hobgoblins
  3 jackals (D:1)
  5 kobolds
  A ball python (D:1)
  A bat (D:1)
  4 frilled lizards
  A rat (D:1)
35 creatures vanquished.

Notes
Turn   | Place    | Note
-------+----------+-------------------------------------------
     0 | D:1      | esteth the Minotaur Berserker began the quest for the Orb.
     0 | D:1      | Reached XP level 1. HP: 19/19 MP: 0/0
    51 | D:1      | You fall through a shaft!
    57 | D:2      | Reached XP level 2. HP: 21/27 MP: 1/1
   102 | D:1      | Reached skill level 4 in Axes
   198 | D:1      | Reached XP level 3. HP: 30/33 MP: 2/2
   499 | D:1      | Reached skill level 5 in Axes
   565 | D:1      | Reached ** piety under Trog
   763 | D:2      | Found a white marble altar of Elyvilon.
   797 | D:2      | Noticed Sigmund
   798 | D:2      | Noticed Terence
   810 | D:2      | Reached XP level 4. HP: 33/40 MP: 3/3
   820 | D:2      | HP: 1/40 [something (12)]
   821 | D:2      | Slain by Terence

Skill      XL: |  1  2  3 |
---------------+----------+-----
Axes           | 4 5 |  5.5
Fighting       | |  3.8
Armour         | |  2.7
Dodging        | |  2.4

Action                   |  1- 3 |  4- 6 || total
-------------------------+-------+-------++-------
Melee: Hand axe          |    68 |     7 ||    75
       Headbutt          |     9 |     1 ||    10
  Use: Potion            |       |     1 ||     1
Armor: Animal skin       |    12 |     2 ||    14
Dodge: Dodged            |    54 |     3 ||    57
